 Dungeon Crawl Stone Soup version 0.22.1-1-ga44c0e56f4 (webtiles) character file.

189 Jynx the Cudgeler (level 5, -1/32 HPs)
             Began as a Gargoyle Fighter on Oct 22, 2018.
             Killed by divine providence
             ... invoked by an orc priest
              (9 damage)
             ... on level 3 of the Dungeon.
             The game lasted 00:03:36 (2618 turns).

Jynx the Cudgeler (Gargoyle Fighter)                Turns: 2618, Time: 00:03:36

Health: -1/32      AC: 10    Str: 20    XL:     5   Next: 68%
Magic:  5/5        EV:  7    Int:  8    God:
Gold:   104        SH:  9    Dex: 10    Spells: 4/4 levels left

rFire    . . .     SeeInvis .   a - +0 flail
rCold    . . .     Gourm    .   c - +0 shield
rNeg     + . .     Faith    .   b - +0 scale mail
rPois    ∞         Spirit   .   (no helmet)
rElec    +         Reflect  .   (no cloak)
rCorr    .         Harm     .   (no gloves)
MR       .....                  (no boots)
Stlth    ..........             (no amulet)
HPRegen  0.10/turn              (no ring)
MPRegen  0.09/turn              (no ring)

@: no status effects
A: negative energy resistance 1, electricity resistance, unbreathing,
petrification resistance, rot immunity, AC +4
a: no special abilities


You were on level 3 of the Dungeon.
You were not hungry.

You visited 1 branch of the dungeon, and saw 3 of its levels.

You collected 104 gold pieces.

Inventory:

Hand Weapons
 a - a +0 flail (weapon)
Armour
 b - a +0 scale mail (worn)
 c - a +0 shield (worn)
Scrolls
 h - 2 scrolls of enchant armour {unknown}
 i - 6 scrolls of identify {unknown}
 j - 3 scrolls of teleportation {unknown}
 k - 2 scrolls of blinking {unknown}
 n - 2 scrolls of remove curse {unknown}
Potions
 d - 2 potions of might
 e - a potion of invisibility {unknown}
 l - 2 potions of curing {unknown}
 m - a potion of mutation {unknown}
Comestibles
 f - 5 rations
 g - 5 chunks of flesh


   Skills:
 - Level 3.2 Fighting
 + Level 5.7 Maces & Flails
 - Level 3.2 Armour
 - Level 3.2 Shields


You had 4 spell levels left.
You didn't know any spells.
Your spell library was empty.

Dungeon Overview and Level Annotations

Branches:
Dungeon (3/15)

Altars:


Innate Abilities, Weirdness & Mutations

You are resistant to torment.
Your stone body is resilient. (AC +4)
You are immune to poison.
You resist negative energy. (rN+)
You are resistant to electric shocks. (rElec)
You can survive without breathing.
You are immune to petrification.
You are immune to rotting.


Message History

You closely miss the orc.
The orc is almost dead.
You block the orc's attack.
You completely miss the orc.
The orc is almost dead.
The orc hits you but does no damage. The orc closely misses you.
You hit the orc.
You kill the orc!
You block the orc's attack.
A magic dart appears from out of thin air!
The magic dart hits you!
* * * LOW HITPOINT WARNING * * *
You are too injured to fight recklessly!
You are too injured to fight recklessly!
An orc priest comes into view. It is wielding a vampiric falchion.
The orc priest shouts!
Something hits you but does no damage.
The orc priest mumbles some strange prayers to Beogh against you.
Beogh smites you!
You die...

#.# #......##
#..#.##.#.#
#.####.#...##
#..#.##.>..
#.##......##
#...#.###.# #......##.#
#..###....# ####.#.##.#
###.#.##.## #.#.##.#
#######.###.#
#.#.##.###...###.###.##
#.#)..{.o.....##.......
#.#.##@###.....#.......
#.#.##o# #.....##.##.##
#....#.# #.o...##.##.#
#..#...# #.....##.##.#
##...### #..o..##(...#
##.## #≈≈.≈≈##....# #.#
#g≈.≈g##....##
##.######≈≈.≈≈#.......
##††.†...# #.....)>


You could see an orc priest and an orc.

Vanquished Creatures
  Robin (D:3)
  7 adders
  An ooze (D:2)
  2 worms (D:2)
  A dart slug (D:3)
  2 leopard geckos
  2 orcs (D:3)
  2 ball pythons
  3 giant cockroaches (D:1)
  21 goblins
  13 hobgoblins
  8 kobolds
  5 quokkas
  6 bats
  A frilled lizard (D:3)
  23 rats
98 creatures vanquished.

Notes
Turn   | Place    | Note
-------+----------+-------------------------------------------
     0 | D:1      | Jynx the Gargoyle Fighter began the quest for the Orb.
     0 | D:1      | Reached XP level 1. HP: 14/14 MP: 1/1
   109 | D:1      | Reached XP level 2. HP: 18/19 MP: 2/2
   119 | D:1      | Reached skill level 3 in Maces & Flails
   434 | D:1      | Reached XP level 3. HP: 23/23 MP: 3/3
  1205 | D:2      | Reached skill level 4 in Maces & Flails
  1237 | D:2      | Reached XP level 4. HP: 25/28 MP: 4/4
  1872 | D:3      | Noticed Robin
  1889 | D:3      | Killed Robin
  1889 | D:3      | Reached skill level 5 in Maces & Flails
  1889 | D:3      | Reached XP level 5. HP: 26/32 MP: 5/5
  2618 | D:3      | Killed from afar by an orc priest

Skill      XL: |  1  2  3  4 |
---------------+-------------+-----
Maces & Flails | 3 4 5 |  5.7
Fighting       | |  3.2
Armour         | |  3.2
Shields        | |  3.2

Action                   |  1- 3 |  4- 6 || total
-------------------------+-------+-------++-------
Melee: Flail             |   140 |   209 ||   349
  Eat: Chunk             |     1 |     5 ||     6
Armor: Scale mail        |    74 |   123 ||   197
Dodge: Dodged            |    46 |    41 ||    87
Block: Shield            |    62 |   103 ||   165
